 Dungeon Crawl Stone Soup version 0.17-a0-1954-g0dddeaa (webtiles) character file.

183 Gorice the Slasher (level 5, -6/39 HPs)
             Began as a Mummy Wanderer on Oct 3, 2015.
             Mangled by a gnoll
             ... wielding a +0 halberd
              (9 damage)
             ... on level 4 of the Dungeon.
             The game lasted 00:09:35 (3718 turns).

Gorice the Slasher (Mummy Wanderer)                 Turns: 3718, Time: 00:09:35

Health: -6/39      AC:  7    Str: 13    XL:     5   Next: 35%
Magic:  5/5        EV:  9    Int: 10    God:
Gold:   203        SH:  0    Dex: 16    Spells: 0 memorised, 4 levels left

rFire  x . .     SeeInvis .     a - +2 falchion
rCold  + . .     Clarity  .     h - +0 scale mail
rNeg   + + +     SustAt   .     (no shield)
rPois  ∞         Gourm    .     (no helmet)
rElec  .         Spirit   .     (no cloak)
rCorr  .         Warding  .     l - +0 pair of gloves
rMut   .         Stasis   .     (no boots)
MR     .....                    (no amulet)
Stlth  ..........               (no ring)
                                (no ring)

@: not resistant to hostile enchantments, extremely unstealthy
A: no food or potions, fire vulnerability, cold resistance 1, negative energy
resistance 3, torment resistance, unbreathing
a: no special abilities


You were on level 4 of the Dungeon.
You were not hungry.

You visited 1 branch of the dungeon, and saw 4 of its levels.

You collected 203 gold pieces.

Inventory:

Hand weapons
 a - a +2 falchion (weapon)
 g - a +0 hunting sling
Missiles
 o - 9 poisoned needles
 Z - 195 stones (quivered)
Armour
 d - a +0 robe
 f - a +0 leather armour
 h - a +0 scale mail (worn)
 l - a +0 pair of gloves (worn)
 n - a +0 chain mail
Scrolls
 c - 3 scrolls of teleportation {!r}
 e - a scroll of immolation {!r}
 i - a scroll of magic mapping {!r}
 j - a scroll of blinking {unknown}
 k - a scroll of amnesia {unknown}
 m - a scroll of noise {!r}
Books
 b - the Incunabulum of Dislocation

   Spells                             Type                      Level
   a - Apportation                    Translocation                1
   b - Shroud of Golubria             Charms/Translocation         2


   Skills:
 + Level 2.6 Fighting
 * Level 4.0 Long Blades
 - Level 1.0 Throwing
 - Level 1.0 Dodging
   Level 3.0 Necromancy
   Level 1.5 Transmutations
   Level 1.0 Evocations


You had 4 spell levels left.
You didn't know any spells.

Dungeon Overview and Level Annotations

Branches:
Dungeon (4/15)
 Temple: D:4-7

Altars:
Dithmenos

Annotations:
D:2 pUXl siggers!, Sigmund
D:4 Menkaure


Innate Abilities, Weirdness & Mutations

You do not eat or drink.
Your flesh is vulnerable to fire.
You are immune to poison.
Your flesh is cold resistant.
You are immune to negative energy.
You are immune to unholy pain and torment.
You can survive without breathing.


Message History

You slash the adder!
You kill the adder!
Your Long Blades skill increases to level 4!
No target in view!
No target in view!
You open the door.
There is an open door here.
You open the door.
There is an open door here.
You open the door.
There is an open door here.
You open the door. 3 gnolls come into view.
The gnoll shouts! x3
The gnoll moves out of view. x2
There is an open door here.
Something unseen opens the door.
The gnoll closely misses you.
You open the door.
A crimson imp comes into view.
The crimson imp shouts!
There is an open door here.
The crimson imp summons a swarm of flies.
You open the door.
The gnoll hits you from afar with a halberd.
There is an open door here.
Damage: 6 (max 6)
The crimson imp blinks!
You open the door.
The gnoll hits you from afar with a halberd.
Damage: 5 (max 6)
Something unseen opens the door.
There is an open door here.
You open the door. The gnoll closely misses you.
There is an open door here.
A gnoll opens the door.
The gnoll throws a throwing net.
The throwing net hits you.
You become entangled in the net!
You see here a throwing net.
You struggle against the net.
The gnoll barely misses you.
You try to slip out of the net.
The gnoll hits you from afar with a halberd! x2
* * * LOW HITPOINT WARNING * * *
Damage: 21 (max 21)
You slice into the net. The gnoll hits you but does no damage.
You slice the net and break free!
The gnoll hits you from afar with a halberd.
* * * LOW HITPOINT WARNING * * *
Damage: 5 (max 21)
The gnoll hits you from afar with a halberd!
You die...

#≈≈≈≈≈≈≈≈≈+##...###'##...#
#####....+..'...+....'...#
#....#..##..#...###.##...+
#....#..##.+##....#+##..##
# #....+.......+....+ #..#
. #....#......(#....#+##...
.
#....#+###.#.#.......#....
.
##+##......#+#.......+.....
. #..#......+
+@......#+####+ .
#..'......#+#.......... .
#..#.........gg.......
####..........g......
#................#
#.....[#'#.......#
#......#.#.......#+####
#......+.###'#.........
#......#..'g.'.........


You could see 3 gnolls.

Vanquished Creatures
  An orc priest (D:3)
  2 worker ants (D:4)
  4 adders
  An ooze (D:3)
  7 orcs
  4 giant cockroaches
  4 goblins
  3 hobgoblins
  14 jackals
  3 kobolds
  3 quokkas
  2 bats
  4 giant newts
  5 rats
57 creatures vanquished.

Notes
Turn   | Place    | Note
--------------------------------------------------------------
     0 | D:1      | Gorice the Mummy Wanderer began the quest for the Orb.
     0 | D:1      | Gorice set off with: a +2 falchion, the Incunabulum of Dislocation, a scroll of teleportation {!r}, a +0 robe, a !bad item (cl:100,ty:0,pl:0,pl2:0,sp:0,qu:0), a !bad item (cl:100,ty:0,pl:0,pl2:0,sp:0,qu:0), a !bad item (cl:100,ty:0,pl:0,pl2:0,sp:0,qu:0), a !bad item (cl:100,ty:0,pl:0,pl2:0,sp:0,qu:0), a !bad item (cl:100,ty:0,pl:0,pl2:0,sp:0,qu:0), a !bad item (cl:100,ty:0,pl:0,pl2:0,sp:0,qu:0), a !bad item (cl:100,ty:0,pl:0,pl2:0,sp:0,qu:0), a !bad item (cl:100,ty:0,pl:0,pl2:0,sp:0,qu:0), a !bad item (cl:100,ty:0,pl:0,pl2:0,sp:0,qu:0), a !bad item (cl:100,ty:0,pl:0,pl2:0,sp:0,qu:0), a !bad item (cl:100,ty:0,pl:0,pl2:0,sp:0,qu:0), a !bad item (cl:100,ty:0,pl:0,pl2:0,sp:0,qu:0), a !bad item (cl:100,ty:0,pl:0,pl2:0,sp:0,qu:0), a !bad item (cl:100,ty:0,pl:0,pl2:0,sp:0,qu:0), a !bad item (cl:100,ty:0,pl:0,pl2:0,sp:0,qu:0), a !bad item (cl:100,ty:0,pl:0,pl2:0,sp:0,qu:0), a !bad item (cl:100,ty:0,pl:0,pl2:0,sp:0,qu:0), a !bad item (cl:100,ty:0,pl:0,pl2:0,sp:0,qu:0), a !bad item (cl:100,ty:0,pl:0,pl2:0,sp:0,qu:0), a !bad item (cl:100,ty:0,pl:0,pl2:0,sp:0,qu:0), a !bad item (cl:100,ty:0,pl:0,pl2:0,sp:0,qu:0), a !bad item (cl:100,ty:0,pl:0,pl2:0,sp:0,qu:0), a !bad item (cl:100,ty:0,pl:0,pl2:0,sp:0,qu:0), a !bad item (cl:100,ty:0,pl:0,pl2:0,sp:0,qu:0), a !bad item (cl:100,ty:0,pl:0,pl2:0,sp:0,qu:0), a !bad item (cl:100,ty:0,pl:0,pl2:0,sp:0,qu:0), a !bad item (cl:100,ty:0,pl:0,pl2:0,sp:0,qu:0), a !bad item (cl:100,ty:0,pl:0,pl2:0,sp:0,qu:0), a !bad item (cl:100,ty:0,pl:0,pl2:0,sp:0,qu:0), a !bad item (cl:100,ty:0,pl:0,pl2:0,sp:0,qu:0), a !bad item (cl:100,ty:0,pl:0,pl2:0,sp:0,qu:0), a !bad item (cl:100,ty:0,pl:0,pl2:0,sp:0,qu:0), a !bad item (cl:100,ty:0,pl:0,pl2:0,sp:0,qu:0), a !bad item (cl:100,ty:0,pl:0,pl2:0,sp:0,qu:0), a !bad item (cl:100,ty:0,pl:0,pl2:0,sp:0,qu:0), a !bad item (cl:100,ty:0,pl:0,pl2:0,sp:0,qu:0), a !bad item (cl:100,ty:0,pl:0,pl2:0,sp:0,qu:0), a !bad item (cl:100,ty:0,pl:0,pl2:0,sp:0,qu:0), a !bad item (cl:100,ty:0,pl:0,pl2:0,sp:0,qu:0), a !bad item (cl:100,ty:0,pl:0,pl2:0,sp:0,qu:0), a !bad item (cl:100,ty:0,pl:0,pl2:0,sp:0,qu:0), a !bad item (cl:100,ty:0,pl:0,pl2:0,sp:0,qu:0), a !bad item (cl:100,ty:0,pl:0,pl2:0,sp:0,qu:0), a !bad item (cl:100,ty:0,pl:0,pl2:0,sp:0,qu:0), a !bad item (cl:100,ty:0,pl:0,pl2:0,sp:0,qu:0), a !bad item (cl:100,ty:0,pl:0,pl2:0,sp:0,qu:0), a !bad item (cl:100,ty:0,pl:0,pl2:0,sp:0,qu:0), a !bad item (cl:100,ty:0,pl:0,pl2:0,sp:0,qu:0)
     0 | D:1      | Reached XP level 1. HP: 13/13 MP: 1/1
     0 | D:1      | Identified the Incunabulum of Dislocation
   409 | D:1      | Reached skill level 2 in Long Blades
   412 | D:1      | Reached XP level 2. HP: 14/20 MP: 2/2
   942 | D:2      | HP: 5/20 [giant cockroach (2)]
   950 | D:1      | HP: 2/20 [jackal (2)]
   988 | D:1      | HP: 4/20 [jackal (1)]
  1285 | D:1      | Reached skill level 1 in Fighting
  1560 | D:2      | HP: 5/21 [adder (3)]
  1561 | D:2      | Reached XP level 3. HP: 4/26 MP: 3/3
  2038 | D:2      | Noticed Sigmund
  2398 | D:3      | HP: 7/26 [adder (1)]
  2404 | D:3      | HP: 4/26 [adder (1)]
  2405 | D:3      | Reached skill level 3 in Long Blades
  2571 | D:3      | Reached XP level 4. HP: 17/33 MP: 4/4
  2764 | D:3      | Reached skill level 2 in Fighting
  3119 | D:4      | Found a shadowy altar of Dithmenos.
  3343 | D:4      | Noticed Menkaure
  3480 | D:4      | Reached XP level 5. HP: 29/39 MP: 5/5
  3665 | D:4      | Reached skill level 4 in Long Blades
  3714 | D:4      | HP: 8/39 [gnoll/halberd (9)]
  3716 | D:4      | HP: 3/39 [gnoll/halberd (6)]
  3718 | D:4      | Mangled by a gnoll

Vault maps used:
D:1:      minmay_arrival_widening_spiral_wide
D:2:      makhleb_blood_cavern_becter, grunt_ministairs_13,
          nemelex_dance_club_becter, uniq_iyjb, uniq_sigmund
D:4:      grunt_dithmenos_smoke_and_mirrors, lightli_minifort, uniq_menkaure

Action                   |  1- 3 |  4- 6 || total
-------------------------+-------+-------++-------
Melee: Falchion          |   131 |    70 ||   201
Throw: Stone             |     6 |       ||     6
  Use: Scroll            |     4 |     1 ||     5
 Stab: Sleeping          |     1 |       ||     1

Table legend:
 A = Turns spent in this place as a percentage of turns spent in the entire game.
 B = Non-inter-level travel turns spent in this place as a percentage of non-inter-level travel turns spent in the entire game.
 C = Inter-level travel turns spent in this place as a percentage of turns spent in this place.
 D = Turns resting spent in this place as a percentage of non-inter-level travel turns spent in this place.
 E = Turns spent auto-exploring this place as a percentage of non-inter-level travel turns spent in this place.
 F = Non-inter-level travel turns spent in this place divided by the number of levels of this place that you've seen.
                   A       B       C       D       E      F
               +-------+-------+-------+-------+-------+----------------------
         Total | 100.0 | 100.0 |   0.5 |   2.5 |   7.1 | 263.2
       Dungeon | 100.0 | 100.0 |   0.5 |   2.5 |   7.1 | 263.2
               +-------+-------+-------+-------+-------+----------------------

Vault maps used:
D:1:      minmay_arrival_widening_spiral_wide
D:2:      makhleb_blood_cavern_becter, grunt_ministairs_13,
          nemelex_dance_club_becter, uniq_iyjb, uniq_sigmund
D:4:      grunt_dithmenos_smoke_and_mirrors, lightli_minifort, uniq_menkaure
